 Dungeon Crawl Stone Soup version 0.17-a0-945-g601bd79 (webtiles) character file.

584 namelastname112 the Magician (level 7, 40/50 HPs)
             Began as a Pale Draconian Wizard on May 6, 2015.
             Quit the game on level 4 of the Dungeon.
             The game lasted 00:06:14 (3972 turns).

namelastname112 the Magician (DrWz)                 Turns: 3972, Time: 00:06:14

Health: 40/50      AC:  7    Str: 10    XL:     7   Next: 14%
Magic:  15/15      EV: 12    Int: 20    God:
Gold:   134        SH:  0    Dex:  9    Spells: 1 memorised, 16 levels left

rFire  . . .     SeeInvis .     e - +4 dagger (venom)
rCold  . . .     Clarity  .     (armour unavailable)
rNeg   . . .     SustAb   .     (no shield)
rPois  .         Gourm    .     a - +0 hat
rElec  .         Spirit   .     (no cloak)
rCorr  .         Warding  .     h - +0 pair of gloves (curse)
rMut   .         Stasis   .     (no boots)
MR     .....                    (no amulet)
Stlth  +.........               (no ring)
                                (no ring)

@: not resistant to hostile enchantments, very unstealthy
A: breathe steam, unfitting armour, cold-blooded, AC +6
a: Breathe Steam


You were on level 4 of the Dungeon.
You were hungry.

You visited 1 branch of the dungeon, and saw 4 of its levels.

You collected 134 gold pieces.

Inventory:

Hand weapons
 e - a +4 dagger of venom (weapon)
 j - a +2 flail of protection
Armour
 a - a +0 hat (worn)
 h - a cursed +0 pair of gloves (worn)
Magical devices
 q - a wand of fireball (3)
Scrolls
 d - 2 scrolls of enchant weapon {unknown}
 g - a scroll of fog {unknown}
 i - 3 scrolls of recharging {unknown}
 k - 2 scrolls of amnesia {unknown}
 m - a scroll of remove curse {unknown}
 n - 2 scrolls of magic mapping {unknown}
 p - a scroll of teleportation {unknown}
 u - a scroll of identify {unknown}
Potions
 f - 2 potions of heal wounds
 l - 2 potions of resistance {unknown}
 o - a potion of agility {unknown}
 r - a potion of lignification {unknown}
 s - a potion of cure mutation {unknown}
Books
 b - a book of Minor Magic

   Spells                             Type                      Level
   a - Magic Dart                     Conjuration                  1
   b - Blink                          Translocation                2
   c - Call Imp                       Summoning                    2
   d - Repel Missiles                 Charms/Air                   2
   e - Slow                           Hexes                        2
   f - Conjure Flame                  Conjuration/Fire             3
   g - Mephitic Cloud                 Conjuration/Poison/Air       3
Comestibles
 c - 2 bread rations
 t - 4 fruits
 v - a slice of pizza
 x - a royal jelly
 z - a beef jerky


   Skills:
 - Level 1.7 Dodging
 - Level 1.7 Stealth
 + Level 5.7 Spellcasting
 + Level 5.4 Conjurations
   Level 1.0 Summonings
   Level 1.0 Translocations


You had 16 spell levels left.
You knew the following spells:

 Your Spells              Type           Power        Failure   Level  Hunger
z - Magic Dart            Conj           ####         1%          1    None


Dungeon Overview and Level Annotations

Branches:
Dungeon (4/15)
 Temple: D:4-7

Altars:
Kikubaaqudgha

Shops:
D:4 (


Innate Abilities, Weirdness & Mutations

You can breathe blasts of scalding, opaque steam.
Your pale cyan-grey scales are hard (AC +6).
Your body does not fit into most forms of armour.
You are cold-blooded and may be slowed by cold attacks.


Message History

You butcher the ogre corpse.
You feel sick.
w - 4 chunks of flesh You see here a giant club.
You feel sick.
Eat one of 4 chunks of flesh? (ye/n/q/i?) This raw flesh tastes terrible.
You feel sick.
You continue eating.
You feel sick.
You continue eating.
You feel sick.
You start resting.
You feel sick.
You feel sick. x10
You are no longer poisoned.
You start resting.
Magic restored.
You start resting.
All of the chunks of flesh in your inventory have rotted away.
You start resting.
You are feeling hungry.
Are you sure you want to abandon this character and quit the game? (Confirm with "yes".)

#.......# #.#
#.......+ #.#
#.##.......#
#.#
#.........##
#.#
#####.###.#
#.# #.#...#
#.# #.#.###
#.#
#.#.######.#.#
#.#.@......#.#
#.##########.#
#.[..........#
##############


There were no monsters in sight!

Vanquished Creatures
  An ogre (D:4)
  A phantom (D:4)
  2 scorpions
  A centaur skeleton (D:4)
  A hound (D:3)
  2 orc priests
  8 adders
  3 gnolls (D:3)
  2 worms
  2 giant geckos
  6 orcs
  9 bats
  5 giant cockroaches
  14 hobgoblins
  6 kobolds
  A quokka (D:2)
  A ball python (D:1)
  4 giant newts
  10 goblins
  2 jackals (D:2)
  3 rats
84 creatures vanquished.

Notes
Turn   | Place    | Note
--------------------------------------------------------------
     0 | D:1      | namelastname112, the Draconian Wizard, began the quest for the Orb.
     0 | D:1      | Reached XP level 1. HP: 14/14 MP: 4/4
   155 | D:1      | Reached XP level 2. HP: 14/20 MP: 1/6
   796 | D:2      | Reached XP level 3. HP: 26/26 MP: 4/8
   880 | D:2      | Found an ancient bone altar of Kikubaaqudgha.
  1452 | D:2      | Reached skill level 4 in Spellcasting
  1452 | D:2      | Reached XP level 4. HP: 27/33 MP: 0/10
  2516 | D:3      | Reached XP level 5. HP: 35/38 MP: 8/11
  2831 | D:3      | Reached XP level 6. HP: 42/45 MP: 1/13
  3167 | D:4      | Found Xyemp's Antique Weapon Boutique.
  3205 | D:4      | Reached skill level 5 in Spellcasting
  3677 | D:4      | Reached skill level 5 in Conjurations
  3694 | D:4      | Your scales start taking on a pale cyan-grey colour.
  3694 | D:4      | Reached XP level 7. HP: 24/50 MP: 3/15
  3725 | D:4      | HP: 2/50 [poisoned by an adder]
  3733 | D:4      | HP: 2/50 [poisoned by an adder]
  3972 | D:4      | Quit the game

Action                   |  1- 3 |  4- 6 |  7- 9 || total
-------------------------+-------+-------+-------++-------
Melee: Dagger            |    81 |    36 |     4 ||   121
       Flail             |       |    29 |       ||    29
 Cast: Magic Dart        |    76 |   150 |     1 ||   227
  Use: Potion            |       |     2 |       ||     2
  Eat: Chunk             |     1 |     7 |     1 ||     9
